AoeStats
← TLD Dalkiel

Arabia

509770417Analyzed
3v3 RM · 5d ago on Sep 28, 2026· 56m 34s· 6 players
Game mode
Random Map
Map size
Normal (6 player)
Population
200
Speed
Normal
Resources
Standard
Victory
Conquest
Starting age
Dark Age
Ending age
Imperial Age
RankedLock teamsTeams togetherTeam positionsShared explorationLock speedFull tech treeHidden civsTurbo modeCheats
Victory
Defeat
🇲🇽 Danes · Mexico
1094
+13
🇲🇽 Vikings · Mexico
1052
+15
🇨🇱 Persians · Chile
999
+18
🇪🇸 Malians · Spain
1042
-16
🇨🇴 Romans · Colombia
1017
-15
🇨🇴 Persians · Colombia
1016
-15
JuanesAczino
7:17 Loom
9:51 Feudal Age
10:13 Double-Bit Axe
18:51 Wheelbarrow
21:41 Fletching
26:44 Castle Age
24:53 Padded Archer Armor
26:49 Forging
26:32 Elite Skirmisher
27:53 Husbandry
28:03 Bloodlines
28:00 Scale Barding Armor
37:05 Man-at-Arms
39:25 Gambesons
40:05 Long Swordsman
40:43 Town Watch
42:21 Thumb Ring
43:41 Scale Mail Armor
46:01 Leather Archer Armor
christ78917
7:33 Loom
10:32 Feudal Age
11:24 Double-Bit Axe
11:21 Horse Collar
20:11 Castle Age
19:04 Bloodlines
20:33 Forging
20:30 Scale Barding Armor
21:47 Wheelbarrow
23:44 Iron Casting
23:58 Husbandry
25:15 Town Watch
25:35 Heavy Plow
25:56 Bow Saw
27:44 Gold Mining
30:13 Chain Barding Armor
36:04 Town Watch
36:35 Hand Cart
36:52 Fletching
37:32 Town Patrol
42:01 Imperial Age
41:51 Tigui
42:22 Heavy Camel Rider
42:28 Cavalier
43:11 Bodkin Arrow
43:53 Plate Barding Armor
45:01 Ballistics
45:45 Chemistry
SA1TO
7:14 Loom
10:43 Feudal Age
11:09 Man-at-Arms
12:42 Double-Bit Axe
12:42 Horse Collar
20:12 Wheelbarrow
23:54 Castle Age
22:34 Gold Mining
22:35 Stone Mining
25:27 Bow Saw
25:22 Heavy Plow
26:22 Gold Shaft Mining
26:36 Pikeman
29:33 Hand Cart
33:01 Forging
32:52 Scale Mail Armor
35:36 Long Swordsman
37:24 Ballistas
41:09 Imperial Age
39:23 Squires
39:16 Fletching
42:05 Scale Barding Armor
42:36 Iron Casting
42:26 Conscription
41:30 Heavy Scorpion
42:41 Legionary
45:33 Blast Furnace
44:49 Chain Mail Armor
46:09 Padded Archer Armor
46:04 Bodkin Arrow
53:41 Leather Archer Armor
TLD Dalkiel
4:52 Loom
11:03 Feudal Age
11:23 Man-at-Arms
11:57 Arson
11:58 Horse Collar
13:09 Scale Mail Armor
17:11 Forging
24:51 Castle Age
25:40 Squires
25:29 Gambesons
26:11 Chain Mail Armor
26:33 Iron Casting
26:20 Double-Bit Axe
31:02 Gold Mining
36:17 Hamask
41:25 Imperial Age
39:32 Wheelbarrow
42:40 Conscription
45:12 Blast Furnace
45:58 Plate Mail Armor
48:13 Fletching
48:45 Elite Jomsviking
52:14 Elite Varangian Guard
Dr Death Mic
7:01 Loom
10:15 Feudal Age
10:42 Double-Bit Axe
15:47 Fletching
16:43 Padded Archer Armor
23:11 Castle Age
21:04 Gold Mining
21:50 Town Watch
23:18 Crossbowman
24:27 Horse Collar
26:59 Bodkin Arrow
27:40 Forging
27:36 Scale Barding Armor
28:03 Heavy Plow
28:16 Bow Saw
28:37 Leather Archer Armor
31:40 Chain Barding Armor
31:56 Iron Casting
33:20 Gold Shaft Mining
37:26 Imperial Age
39:43 Two-Man Saw
38:25 Arbalester
39:08 Bracer
38:33 Cavalier
40:23 Blast Furnace
39:57 Squires
39:43 Arson
39:19 Elite Varangian Guard
40:02 Scale Mail Armor
42:39 Crop Rotation
42:39 Ballistics
43:22 Conscription
45:06 Chieftains
45:47 Town Patrol
47:03 Chemistry
46:13 Masonry
46:09 Siege Engineers
48:03 Chain Mail Armor
48:19 Ring Archer Armor
48:06 Chain Mail Armor
48:45 Bogsveigar
49:23 Hoardings
51:34 Plate Mail Armor
53:50 Architecture
53:16 Murder Holes
54:27 Elite Skirmisher
canaed
7:15 Loom
9:46 Feudal Age
10:27 Double-Bit Axe
10:24 Horse Collar
16:56 Forging
18:43 Wheelbarrow
22:21 Castle Age
20:42 Gold Mining
21:49 Scale Barding Armor
22:11 Bloodlines
22:53 Husbandry
24:01 Bow Saw
25:24 Chain Barding Armor
31:36 Iron Casting
33:34 Hand Cart
34:02 Gold Shaft Mining
34:33 Town Watch
38:20 Imperial Age
37:24 Kamandaran
37:18 Fletching
37:37 Crossbowman
38:03 Cavalier
39:15 Conscription
39:55 Thumb Ring
47:27 Hoardings
47:18 Bodkin Arrow
49:59 Plate Barding Armor
52:00 Light Cavalry
Connection lost

Rejoining the realm…

Still unreachable

The connection could not be restored.

Session expired

The server has moved on; the page needs a fresh start.